 Dungeon Crawl Stone Soup version 0.31-a0-1074-g0b22e4e0f1 (webtiles) character file.

Game seed: 9038158085513259254

301 jasper the Slasher (level 6, -8/47 HPs)
             Began as a Human Fighter on Dec 5, 2023.
             Mangled by a sleepcap (15 damage)
             ... on level 5 of the Dungeon.
             The game lasted 00:05:23 (2779 turns).

jasper the Slasher (Human Fighter)                  Turns: 2779, Time: 00:05:24

Health: -8/47      AC: 10    Str: 23    XL:     6   Next: 64%
Magic:  6/6        EV:  2    Int:  8    God:
Gold:   146        SH:  0    Dex: 14    Spells: 5/5 levels left

rFire   . . .        a - +0 long sword
rCold   . . .        c - +0 buckler
rNeg    . . .        n - +0 chain mail
rPois   .            (no helmet)
rElec   .            (no cloak)
rCorr   .            s - +0 pair of gloves
SInv    .            (no boots)
Will    .....        (no amulet) Stlth
                     i - +6 ring of strength
HPRegen 0.27/turn    (no ring)
MPRegen 0.10/turn

%: no passive effects
@: sleeping
A: no striking features
a: no special abilities


You were on level 5 of the Dungeon.
You visited 1 branch of the dungeon, and saw 5 of its levels.

You collected 146 gold pieces.

Inventory:

Hand Weapons
 a - a +0 long sword (weapon)
 l - a +0 dagger
Missiles
 e - a poisoned dart (quivered)
 g - 34 stones
 q - a throwing net
Armour
 b - a +0 scale mail
 c - a +0 buckler (worn)
 n - a +0 chain mail (worn)
 p - a +0 scale mail
 s - a +0 pair of gloves (worn)
Jewellery
 i - a +6 ring of strength (left hand)
Scrolls
 h - 2 scrolls of noise
Potions
 f - a potion of curing
 o - a potion of cancellation
 r - a potion of brilliance {unknown}
 t - 2 potions of magic {unknown}
 u - a potion of lignification {unknown}


   Skills:
 - Level 3.0 Fighting
 + Level 6.5 Long Blades
 - Level 3.0 Armour
 - Level 3.0 Shields


You had 5 spell levels left.
You didn't know any spells.
Your spell library contained the following spells:

 Spells                   Type           Power      Damage    Failure   Level
 Leda's Liquefaction      Hex/Erth       0%         N/A       100%        4
 Lee's Rapid Deconstruct  Erth           0%         3d4*      100%        5
 Bombard                  Conj/Erth      0%         9d1       100%        6


Dungeon Overview and Level Annotations

Branches:
Dungeon (5/15)
 Temple: D:4-7

Altars:


Message History

You see here a jackal corpse.
A sleepcap comes into view.
Throw: dart (poison)
Press: ? - help, Q - select action, (/) - cycle Shift-Dir - straight line, f - sleepcap
Aim: a sleepcap (wandering, hasn't noticed you, 98% to hit)
You throw a poisoned dart. The poisoned dart hits the sleepcap.
You see here a poisoned dart.
e - a poisoned dart You hit the sleepcap.
The sleepcap is moderately damaged.
The sleepcap releases spores at you.
You are engulfed in a cloud of soporific spores!
You fall asleep.
The sleepcap barely misses you. The sleepcap completely misses you.
The sleepcap releases spores at you!
You wake up.
* * * LOW HITPOINT WARNING * * *
You take 12 damage, and have 10/47 hp.
MASSIVE DAMAGE!!
You hit the sleepcap but do no damage.
The sleepcap is moderately damaged.
The sleepcap releases spores at you but does no damage.
Unknown command.
Unknown command.
You hit the sleepcap but do no damage.
The sleepcap is moderately damaged.
The sleepcap releases spores at you but does no damage.
You hit the sleepcap.
The sleepcap is moderately damaged.
The sleepcap completely misses you.
You hit the sleepcap but do no damage.
The sleepcap is moderately damaged.
The sleepcap releases spores at you but does no damage.
You hit the sleepcap but do no damage.
The sleepcap is moderately damaged.
The sleepcap releases spores at you.
* * * LOW HITPOINT WARNING * * *
You are engulfed in a cloud of soporific spores!
You fall asleep.
The sleepcap releases spores at you!
You die...

#....# #....# +....# .
#....# ..
#....######..(
#.........(...
#........(....
########.............
#...(.((f@..†.†!.....
#.....(..............
#.......#+##......$..
#.......#..#.........
#.......'..#######...
...........#..†.....#
..
.....############..<.#
. ..... #....# .....
.......#


You could see a sleepcap.

Vanquished Creatures
  A water moccasin (D:5)
  Terence (D:2)
  2 iguanas
  5 adders
  9 ball pythons
  4 bats
  9 endoplasms
  2 giant cockroaches
  9 hobgoblins
  6 jackals
  5 kobolds
  4 quokkas
  3 frilled lizards
  5 goblins
  4 rats
69 creatures vanquished.

Notes
Turn   | Place    | Note
-------+----------+-------------------------------------------
     0 | D:1      | jasper the Human Fighter began the quest for the Orb.
     0 | D:1      | Reached XP level 1. HP: 18/18 MP: 1/1
    80 | D:1      | Reached XP level 2. HP: 24/24 MP: 2/2
   169 | D:1      | Reached skill level 3 in Long Blades
   364 | D:1      | Reached XP level 3. HP: 25/29 MP: 3/3
  1079 | D:2      | Noticed Terence
  1100 | D:2      | Killed Terence
  1101 | D:2      | Reached skill level 4 in Long Blades
  1101 | D:2      | Reached XP level 4. HP: 19/35 MP: 4/4
  1758 | D:3      | Reached XP level 5. HP: 41/41 MP: 5/5
  1881 | D:3      | Reached skill level 5 in Long Blades
  2595 | D:5      | Entered Level 5 of the Dungeon
  2679 | D:5      | Noticed a water moccasin
  2692 | D:5      | Killed a water moccasin
  2693 | D:5      | Reached skill level 6 in Long Blades
  2693 | D:5      | Reached XP level 6. HP: 41/47 MP: 6/6
  2779 | D:5      | Mangled by a sleepcap

Illustrated notes

Levels and vault maps discovered:
D:1:      amcnicky_arrival_double_pillar, layout_basic
D:2:      layout_basic, kennysheep_generic_room_8, uniq_terence
D:3:      layout_basic, corexii_item_surrounded_by_moat, kennysheep_doodads
D:4:      layout_cave_pools, kennysheep_mini_moat
D:5:      layout_gridville, mainiacjoe_overflow_cross_hatched,
          mainiacjoe_overflow_catch_the_wave

Skill      XL: |  1  2  3  4  5 |
---------------+----------------+-----
Long Blades    | 3 4 6 |  6.5
Fighting       | |  3.0
Armour         | |  3.0
Shields        | |  3.0

Action                     |  1- 3 |  4- 6 || total
---------------------------+-------+-------++-------
  Melee: Long sword        |   108 |   129 ||   237
  Throw: Dart              |     7 |    12 ||    19
    Use: Scroll            |     5 |     8 ||    13
         Potion            |       |     3 ||     3
 Armour: Scale mail        |    43 |       ||    43
         Chain mail        |    34 |    86 ||   120
  Dodge: Dodged            |    39 |    42 ||    81
  Block: Buckler           |    23 |    36 ||    59

Table legend: (Time is in decaauts)
 A = Elapsed time spent in this place.
 B = Non-inter-level travel time spent in this place.
 C = Inter-level travel time spent in this place.
 D = Time resting spent in this place.
 E = Time spent auto-exploring this place.
 F = Levels seen in this place.
 G = Mean time per level.
                   A        B        C        D        E       F      G
               +--------+--------+--------+--------+--------+-----+--------+
         Total |   2836 |   2783 |     53 |     59 |   1993 |   5 |  567.2 |
       Dungeon |   2836 |   2783 |     53 |     59 |   1993 |   5 |  567.2 |
               +--------+--------+--------+--------+--------+-----+--------+

Top non-repeatable levels by time:
     D:3: 973 daAuts
     D:2: 756 daAuts
     D:1: 709 daAuts
     D:4: 207 daAuts
     D:5: 188 daAuts
